Map: 锈化山巅-天梯版

Players

养生星际玩家 - Winner!

  • Race: Terran Terran
  • League: Diamond

Tassada

  • Race: Protoss Protoss
  • League: Diamond

VOD

Have the link to the VOD?

Description

Time

  • Played on: June 15, 2021, 9:46 p.m.
  • Length: 18:04
Show
View Real Time Build Order
Export as new Build Order

养生星际玩家 Terran - Winner!

Build Orders:  

Get SALT Encoding   

  12  0:00  SCV  
  13  0:12  SCV  
  14  0:24  SCV  
  14  0:27  Supply Depot  
  15  0:49  SCV  
  16  0:54  Barracks  
  16  1:01  SCV  
  17  1:11  Command Center  
  17  1:15  SCV  
  18  1:27  SCV  
  18  1:31  Refinery  
  20  1:44  Marine  
  21  1:48  Supply Depot  
  21  1:52  Orbital Command  
  20  2:13  Marine  
  21  2:16  Bunker  
  21  2:20  SCV  
  22  2:24  Orbital Command  
  22  2:30  Refinery  
  22  2:31  Marine  
  22  2:32  SCV  
  24  2:45  SCV  
  24  2:48  Supply Depot  
  25  2:51  Marine  
  25  2:57  SCV  
  27  2:59  Factory  
  27  3:03  Barracks  
  27  3:09  SCV  
  28  3:14  Marine  
  28  3:19  SCV  
  30  3:21  SCV  
  30  3:30  Supply Depot  
  30  3:31  SCV  
  30  3:32  Barracks Tech Lab  
  30  3:34  SCV  
  32  3:36  Engineering Bay  
  32  3:43  SCV  
  32  3:44  Factory Reactor  
  32  3:46  SCV  
  32  3:47  Starport  
  34  3:51  Barracks Reactor  
  34  3:55  SCV  
  35  3:58  SCV  
  35  4:00  Stimpack  
  35  4:01  Marine  
  37  4:07  SCV  
  38  4:12  SCV  
  38  4:13  Missile Turret x2  
  39  4:19  SCV, Marine  
  41  4:24  SCV, Refinery  
  41  4:26  Terran Infantry Weapons Level 1  
  42  4:31  SCV  
  42  4:32  Engineering Bay  
  42  4:37  Marine  
  44  4:42  Factory Tech Lab, Barracks  
  44  4:43  Marine x2  
  44  4:44  SCV  
  47  4:47  SCV  
  47  4:51  Medivac  
  50  4:54  Marine  
  50  4:56  SCV  
  50  4:59  Refinery  
  52  5:01  Marine x2  
  52  5:05  Medivac  
  56  5:12  Marine  
  57  5:16  SCV  
  57  5:18  SCV  
  57  5:19  Marine x2  
  61  5:25  Command Center  
  61  5:28  Supply Depot  
  61  5:31  Barracks Reactor  
  61  5:35  Mag-Field Accelerator  
  61  5:38  Marine  
  62  5:49  Marine x2  
  67  5:50  Cyclone  
  67  5:52  Liberator  
  70  6:01  Armory  
  70  6:04  Supply Depot  
  70  6:06  Supply Depot  
  70  6:09  Combat Shield  
  70  6:20  Supply Depot  
  70  6:25  Marine x5  
  70  6:26  Medivac, SCV  
  70  6:31  Supply Depot, Terran Infantry Armor Level 1  
  78  6:43  Marine x5  
  72  7:01  Marine x5  
  76  7:11  Orbital Command  
  76  7:16  Barracks  
  76  7:19  Marine x5  
  76  7:20  Terran Infantry Weapons Level 2  
  76  7:22  SCV  
  82  7:23  Medivac x2  
  82  7:25  Siege Tank  
  82  7:29  SCV  
  90  7:34  SCV, Terran Vehicle And Ship Armor Level 1  
  91  7:37  Marine x5  
  96  7:44  Orbital Command  
  96  7:53  Refinery  
  96  7:54  Marine x2  
  96  7:55  Marauder, Marine x2  
  96  7:56  Refinery  
  102  8:02  Siege Tank  
  104  8:12  Marine x4  
  90  8:16  Marauder  
  90  8:26  Marine  
  91  8:30  Marine x4  
  93  8:38  Marauder  
  93  8:39  SCV  
  96  8:44  Command Center, Marine  
  96  8:45  Liberator x2  
  96  8:47  SCV  
  96  8:48  Marine x4  
  104  8:49  SCV  
  104  8:55  Terran Infantry Armor Level 2  
  109  8:59  Marauder  
  112  9:06  Marine x4  
  115  9:17  Barracks Reactor  
  115  9:21  Marauder, Barracks  
  115  9:23  Barracks  
  117  9:25  Supply Depot x2, Barracks  
  117  9:29  Supply Depot  
  117  9:34  Fusion Core  
  117  9:36  Supply Depot, Starport  
  117  9:37  Starport  
  117  9:46  SCV, Liberator, Marine x4  
  117  9:47  Viking, Marine  
  117  9:49  Cyclone  
  117  9:50  Missile Turret  
  131  9:53  Marine  
  131  9:56  Marine  
  133  10:04  Marine  
  134  10:11  Marauder  
  134  10:13  Barracks Tech Lab  
  136  10:15  Barracks Tech Lab  
  136  10:17  Viking  
  138  10:25  Barracks Tech Lab  
  138  10:31  Planetary Fortress  
  138  10:32  Marauder  
  120  10:48  Marine x6  
  120  10:49  Marauder x2  
  101  10:54  Marauder  
  101  10:55  Marine  
  101  10:58  Siege Tank  
  104  11:05  Marine  
  104  11:06  Marine x5  
  104  11:07  Viking  
  104  11:08  Starport Tech Lab  
  104  11:10  Marine x2  
  114  11:14  SCV x2  
  114  11:15  Marauder  
  114  11:18  Marine  
  119  11:21  Missile Turret  
  116  11:31  Marine x2  
  116  11:32  Viking x2  
  116  11:34  Viking  
  116  11:36  Marauder  
  115  11:40  Marine  
  115  11:41  Marine x3  
  115  11:44  Marine x3  
  115  11:47  SCV  
  118  11:49  Medivac  
  118  11:50  Concussive Shells  
  120  12:00  Siege Tank, Marine  
  125  12:05  Terran Infantry Weapons Level 3  
  124  12:20  Marine  
  124  12:21  Marine x2  
  124  12:22  Starport Tech Lab  
  127  12:32  Siege Tank  
  127  12:36  Battlecruiser, Starport Tech Lab  
  136  12:44  Refinery  
  136  12:46  Refinery  
  136  12:58  Marine x3  
  136  12:59  Marine x3  
  136  13:00  Marauder x4  
  136  13:01  Medivac, Liberator  
  147  13:28  Marine x3  
  147  13:31  Marine x6  
  147  13:32  Marine  
  149  13:41  Battlecruiser  
  149  13:45  Marine  
  149  13:46  Marine x2  
  142  13:49  Marauder, Marine x3  
  142  13:50  Marauder x3  
  129  14:03  Marine x2  
  129  14:04  Marine  
  129  14:06  Marine  
  129  14:07  Marine x2  
  124  14:10  Liberator x3, Marine  
  124  14:11  Marauder, Marine x2  
  138  14:21  Marine x3  
  141  14:24  Marine x3  
  141  14:28  Marine  
  141  14:31  Terran Ship Weapons Level 1  
  145  14:35  Terran Infantry Armor Level 3  
  145  14:40  Supply Depot  
  145  14:41  Supply Depot  
  145  14:44  SCV x3  
  145  14:45  Battlecruiser  
  154  14:49  Marine  
  154  14:50  Marine  
  156  14:53  Medivac x2  
  156  14:55  Weapon Refit  
  160  15:01  Marine x4  
  160  15:02  Marine x3  
  167  15:13  Marine x3  
  128  15:19  Marine x5  
  128  15:20  Marine x2  
  124  15:31  Marine x3  
  118  15:37  Marine x6  
  118  15:38  Marine  
  119  15:45  SCV  
  119  15:49  Marine x3  
  123  15:54  Marine  
  123  15:55  Marine x3  
  123  15:56  Marauder  
  129  15:58  Liberator x2  
  129  15:59  Marine x2  
  129  16:03  Banshee  
  138  16:16  Marine  
  139  16:19  SCV x2  
  139  16:25  Command Center  
  141  16:26  Marine  
  141  16:30  Banshee  
  145  16:36  Marine  
  145  16:38  Marine  
  145  16:39  Marine  
  148  16:47  Siege Tank  
  151  16:50  Marauder x2  
  155  16:58  Marine x3  
  155  16:59  Marine x4  
  162  17:01  SCV  
  162  17:02  SCV  
  161  17:19  Siege Tank  
  162  17:35  Marine x3  
  162  17:36  Marauder x4  
Show
View Real Time Build Order
Export as new Build Order

Tassada Protoss 

Build Orders: 1 Gate Expand, Double Forge, Phoenix Opening 

Get SALT Encoding   

  12  0:03  Probe  
  13  0:15  Probe  
  13  0:21  Pylon  
  14  0:27  Probe  
  15  0:40  Probe (Chrono Boost)  
  16  0:43  Gateway  
  16  0:45  Assimilator  
  16  0:52  Probe (Chrono Boost)  
  17  0:57  Probe (Chrono Boost)  
  18  1:06  Probe  
  19  1:18  Probe  
  20  1:32  Cybernetics Core  
  20  1:40  Nexus  
  20  1:49  Assimilator  
  20  1:50  Probe  
  21  2:02  Probe  
  21  2:03  Pylon  
  21  2:07  Warp Gate (Chrono Boost), Stalker (Chrono Boost)  
  23  2:21  Probe  
  24  2:35  Shield Battery  
  24  2:43  Sentry  
  26  2:49  Gateway  
  26  2:50  Gateway  
  26  3:08  Probe (Chrono Boost)  
  26  3:11  Probe (Chrono Boost)  
  29  3:20  Probe (Chrono Boost)  
  29  3:25  Probe (Chrono Boost)  
  29  3:26  Probe (Chrono Boost)  
  31  3:29  Phoenix  
  31  3:32  Probe  
  32  3:34  Probe, Stargate  
  33  3:45  Probe  
  33  3:46  Probe  
  35  3:56  Pylon  
  35  3:57  Probe  
  35  3:59  Probe  
  37  4:03  Robotics Facility  
  37  4:08  Assimilator  
  37  4:09  Probe  
  38  4:11  Probe, Assimilator  
  39  4:21  Probe  
  39  4:22  Void Ray (Chrono Boost)  
  39  4:23  Probe  
  45  4:32  Forge  
  45  4:33  Probe  
  45  4:35  Probe  
  47  4:41  Forge  
  47  4:45  Probe  
  48  4:46  Pylon  
  48  4:47  Probe  
  48  4:52  Void Ray  
  49  4:54  Pylon  
  53  5:05  Phoenix  
  53  5:06  Pylon  
  53  5:08  Protoss Ground Weapons Level 1 (Chrono Boost)  
  53  5:11  Observer  
  53  5:13  Robotics Bay  
  54  5:14  Protoss Ground Armor Level 1 (Chrono Boost)  
  54  5:27  Stalker  
  54  5:28  Stalker x2  
  60  5:33  Probe x2  
  62  5:45  Probe x2  
  62  5:46  Observer (Chrono Boost)  
  65  5:57  Probe  
  65  6:03  Colossus (Chrono Boost)  
  66  6:05  Extended Thermal Lance (Chrono Boost)  
  66  6:07  Nexus  
  66  6:08  Pylon  
  66  6:10  Assimilator  
  72  6:15  Assimilator  
  72  6:21  Twilight Council  
  72  6:24  Pylon  
  70  6:47  Stalker  
  70  6:48  Stalker x2  
  62  7:05  Blink (Chrono Boost)  
  61  7:13  Probe x2  
  63  7:21  Gateway  
  63  7:22  Protoss Ground Weapons Level 2 (Chrono Boost), Gateway  
  63  7:24  Gateway  
  63  7:25  Probe x2, Gateway  
  63  7:26  Gateway  
  63  7:27  Templar Archives  
  65  7:35  Colossus (Chrono Boost)  
  65  7:37  Probe x2  
  73  7:49  Protoss Ground Armor Level 2 (Chrono Boost)  
  73  7:56  Zealot x3  
  73  8:20  Stalker x5  
  73  8:21  Stalker  
  73  8:26  Probe x2  
  73  8:27  Probe  
  88  8:30  Shield Battery  
  88  8:32  Shield Battery  
  88  8:33  Photon Cannon  
  88  8:35  Photon Cannon  
  86  8:46  High Templar  
  88  8:48  High Templar  
  88  8:49  Probe  
  88  8:55  Zealot x4  
  97  8:56  Zealot x2, Charge (Chrono Boost)  
  103  9:05  Photon Cannon  
  103  9:09  Photon Cannon  
  103  9:11  Photon Cannon  
  103  9:13  Photon Cannon  
  103  9:16  Observer  
  103  9:19  High Templar x3  
  109  9:24  Pylon  
  109  9:27  Archon  
  109  9:28  Pylon, Archon  
  109  9:31  Pylon  
  109  9:42  Probe (Chrono Boost)  
  109  9:43  Probe (Chrono Boost)  
  112  9:48  Probe (Chrono Boost)  
  112  9:52  Probe (Chrono Boost)  
  114  9:53  Probe (Chrono Boost)  
  114  9:56  Probe (Chrono Boost)  
  114  9:57  Probe x2 (Chrono Boost)  
  117  10:00  Void Ray (Chrono Boost)  
  117  10:07  Probe, Nexus  
  117  10:08  Pylon  
  117  10:09  Probe x2  
  117  10:13  Protoss Ground Weapons Level 3 (Chrono Boost)  
  123  10:19  Probe  
  124  10:26  High Templar x3  
  130  10:29  Archon  
  130  10:30  Archon, Void Ray  
  130  10:31  Protoss Shields Level 1 (Chrono Boost)  
  98  10:52  Zealot x4  
  98  10:53  Zealot  
  106  11:08  Stalker x3  
  111  11:15  Zealot x5  
  116  11:32  Probe  
  116  11:33  Probe x3  
  117  11:45  Probe x4  
  113  11:52  Stalker x2  
  113  11:53  Stalker x5  
  113  11:54  Stalker  
  129  12:00  Probe x3  
  129  12:01  Probe  
  133  12:05  Gateway  
  133  12:08  Gateway  
  133  12:12  Probe x2, Gateway  
  127  12:22  High Templar x2  
  127  12:23  High Templar x3  
  127  12:24  High Templar x2  
  127  12:25  High Templar  
  127  12:28  Archon  
  127  12:29  Archon x3  
  139  12:45  Probe x4  
  143  12:51  Assimilator  
  143  12:52  Photon Cannon  
  143  12:54  Photon Cannon x2  
  143  12:55  Pylon, Photon Cannon  
  143  12:57  Pylon, Photon Cannon  
  143  12:59  Pylon  
  143  13:00  Stalker x6  
  137  13:42  Zealot x4  
  137  13:43  Zealot x4  
  139  13:56  Zealot x2  
  139  13:57  Zealot  
  137  14:17  Probe x2  
  137  14:21  Stargate  
  137  14:23  Stargate  
  139  14:25  Stargate  
  139  14:26  Protoss Shields Level 2 (Chrono Boost), Protoss Ground Armor Level 3 (Chrono Boost)  
  139  14:38  Stargate  
  139  14:41  Protoss Air Weapons Level 1 (Chrono Boost)  
  139  14:47  High Templar  
  139  14:48  High Templar x3  
  139  14:50  High Templar x3  
  153  14:53  Archon  
  153  14:54  Archon x2  
  153  14:57  Zealot x3  
  159  15:01  Nexus  
  159  15:04  Pylon  
  159  15:07  Assimilator  
  155  15:08  Assimilator  
  123  15:15  Stalker  
  111  15:22  Stalker x2  
  111  15:23  Stalker x4  
  111  15:24  Stalker x3  
  111  15:25  Stalker  
  115  15:40  Void Ray x2  
  115  15:49  Zealot x3  
  129  15:50  Zealot x5  
  129  15:51  Zealot x3  
  145  16:00  Probe x2  
  125  16:20  High Templar  
  125  16:21  High Templar x2  
  131  16:33  Psionic Storm  
  131  16:59  Void Ray  
  131  17:00  Dark Shrine  
  131  17:03  Void Ray  
  135  17:14  Nexus  
  135  17:15  Pylon  
  137  17:32  Zealot x3  
  137  17:33  Zealot x6  
  137  17:34  Zealot x2  
  123  17:55  Zealot  
  123  17:56  Zealot x5  
  123  17:57  Zealot x5  
Tags
 
Add a new tag
Caveats
  • Supply blocks, unpowered buildings, or Contaminate may cause inaccurate times.
  • Supply counts are checked every 10 seconds.